| TOP OF THE 1ST |
|
Vermont Lake Monsters batting - Pitching for Lowell Spinners : LHP Ken Berger
|
|
Pitching: LHP Ken Berger
|
|
|
Batting: RHB Josh Mauer
|
0-0: Foul Ball, location: 2F 0-1: Foul Ball, location: 2F 0-2: Ball 1-2: Ball 2-2: Ball 3-2: Strikes out looking
|
|
Batting: RHB Chris Temple
|
0-0: Foul Ball, location: 2F 0-1: Ball 1-1: Ball 2-1: Ball 3-1: Base on Balls
|
|
Batting: LHB Ed Talamantes
|
0-0: Called Strike 0-1: Called Strike 0-2: Strikes out swinging
|
|
Batting: RHB Tetsuya Shinoda
|
0-0: Called Strike 0-1: Called Strike 0-2: Ball 1-2: Ball 2-2: Strikes out swinging
|
| Top of the 1st over - 0 runs, 0 hits, 0 errors, 1 left on base; Vermont 0 - Lowell 0 |
| BOTTOM OF THE 1ST |
|
Lowell Spinners batting - Pitching for Vermont Lake Monsters : RHP Jesse Clark
|
|
Pitching: RHP Jesse Clark
|
|
|
Batting: RHB Aukukero Tairi
|
0-0: Foul Ball, location: 2F 0-1: Ball 1-1: Foul Ball, location: 2F 1-2: Fly out, F9 (Flyball, 9, EV 87.5 MPH)
|
|
Batting: SHB Salvador Padilla
|
0-0: Called Strike 0-1: Ball 1-1: Called Strike 1-2: Strikes out swinging
|
|
Batting: RHB Xavier Joslin
|
0-0: Called Strike 0-1: Ball 1-1: Ground out 5-3 (Groundball, 56, EV 92.5 MPH)
|
| Bottom of the 1st over - 0 runs, 0 hits, 0 errors, 0 left on base; Vermont 0 - Lowell 0 |
| TOP OF THE 2ND |
|
Vermont Lake Monsters batting - Pitching for Lowell Spinners : LHP Ken Berger
|
|
Batting: RHB Chris Prinzing
|
0-0: Ball 1-0: Called Strike 1-1: Ball 2-1: Ground out 6-3 (Groundball, 6, EV 86.2 MPH)
|
|
Batting: SHB Steve Salafia
|
0-0: Ball 1-0: Ball 2-0: Called Strike 2-1: Ground out 6-3 (Groundball, 6, EV 83.8 MPH)
|
|
Batting: RHB Jamie Jennings
|
0-0: Ball 1-0: Fly out, F8 (Flyball, 89S, EV 90.6 MPH)
|
| Top of the 2nd over - 0 runs, 0 hits, 0 errors, 0 left on base; Vermont 0 - Lowell 0 |
| BOTTOM OF THE 2ND |
|
Lowell Spinners batting - Pitching for Vermont Lake Monsters : RHP Jesse Clark
|
|
Batting: RHB Guillermo Quintero
|
0-0: Ground out 5-3 (Groundball, 5, EV 83.1 MPH)
|
|
Batting: RHB Raul Sanchez
|
0-0: Foul Ball, location: 2F 0-1: Called Strike 0-2: Ground out 5-3 (Groundball, 56S, EV 84.4 MPH)
|
|
Batting: RHB Mario Arriero
|
0-0: Called Strike 0-1: Swinging Strike 0-2: Strikes out swinging
|
| Bottom of the 2nd over - 0 runs, 0 hits, 0 errors, 0 left on base; Vermont 0 - Lowell 0 |
| TOP OF THE 3RD |
|
Vermont Lake Monsters batting - Pitching for Lowell Spinners : LHP Ken Berger
|
|
Batting: SHB Mike Kirk
|
0-0: Called Strike 0-1: Swinging Strike 0-2: Strikes out looking
|
|
Batting: RHB Jon Coleman
|
0-0: Ball 1-0: Swinging Strike 1-1: Foul Ball, location: 2F 1-2: Ground out 4-3 (Groundball, 4, EV 84.4 MPH)
|
|
Batting: RHB Josh Mauer
|
0-0: Ball 1-0: Ground out 6-3 (Groundball, 6, EV 90.6 MPH)
|
| Top of the 3rd over - 0 runs, 0 hits, 0 errors, 0 left on base; Vermont 0 - Lowell 0 |
| BOTTOM OF THE 3RD |
|
Lowell Spinners batting - Pitching for Vermont Lake Monsters : RHP Jesse Clark
|
|
Batting: RHB Jose Molina
|
0-0: Ball 1-0: Ball 2-0: Ball 3-0: Base on Balls
|
|
Batting: RHB Rogelio Cervantes
|
Pickoff Throw to First - Out! 1-3 0-0: Ball 1-0: Swinging Strike 1-1: Ball 2-1: Swinging Strike 2-2: Strikes out swinging
|
|
Batting: RHB Willie Camacho
|
0-0: Called Strike 0-1: Ball 1-1: Ball 2-1: Swinging Strike 2-2: SINGLE (Line Drive, 9S, EV 101.2 MPH)
|
|
Batting: RHB Aukukero Tairi
|
0-0: Ball Pickoff Throw to First - Error! E1 Willie Camacho to second 1-0: Called Strike 1-1: Swinging Strike 1-2: Strikes out swinging
|
| Bottom of the 3rd over - 0 runs, 1 hit, 1 error, 1 left on base; Vermont 0 - Lowell 0 |
| TOP OF THE 4TH |
|
Vermont Lake Monsters batting - Pitching for Lowell Spinners : LHP Ken Berger
|
|
Batting: RHB Chris Temple
|
0-0: Foul Ball, location: 2F 0-1: Ball 1-1: Ball 2-1: Foul Ball, location: 2F 2-2: Strikes out swinging
|
|
Batting: LHB Ed Talamantes
|
0-0: Swinging Strike 0-1: Called Strike 0-2: Ball 1-2: Ball 2-2: Strikes out swinging
|
|
Batting: RHB Tetsuya Shinoda
|
0-0: Ground out 6-3 (Groundball, 6, EV 102.5 MPH)
|
| Top of the 4th over - 0 runs, 0 hits, 0 errors, 0 left on base; Vermont 0 - Lowell 0 |
| BOTTOM OF THE 4TH |
|
Lowell Spinners batting - Pitching for Vermont Lake Monsters : RHP Jesse Clark
|
|
Batting: SHB Salvador Padilla
|
0-0: Ball 1-0: Ball 2-0: Ball 3-0: Base on Balls
|
|
Batting: RHB Xavier Joslin
|
0-0: Ball 1-0: Ball 2-0: Ground out 4-3 (Groundball, 34, EV 105.0 MPH) Salvador Padilla to second
|
|
Batting: RHB Guillermo Quintero
|
0-0: Fly out, F8 (Flyball, 8RD, EV 98.8 MPH)
|
|
Batting: RHB Raul Sanchez
|
0-0: Ball 1-0: Ball 2-0: Foul Ball, location: 2F 2-1: Fly out, F7 (Line Drive, 7, EV 110.0 MPH)
|
| Bottom of the 4th over - 0 runs, 0 hits, 0 errors, 1 left on base; Vermont 0 - Lowell 0 |
| TOP OF THE 5TH |
|
Vermont Lake Monsters batting - Pitching for Lowell Spinners : LHP Ken Berger
|
|
Batting: RHB Chris Prinzing
|
0-0: Called Strike 0-1: Called Strike 0-2: Ball 1-2: Strikes out looking
|
|
Batting: SHB Steve Salafia
|
0-0: Foul Ball, location: 2F 0-1: Ball 1-1: Called Strike 1-2: Ground out 6-3 (Groundball, 6, EV 94.4 MPH)
|
|
Batting: RHB Jamie Jennings
|
0-0: Ball 1-0: Swinging Strike 1-1: Swinging Strike 1-2: Ball 2-2: Ball 3-2: Base on Balls
|
|
Batting: SHB Mike Kirk
|
0-0: Ball 1-0: Fly out, F4 (Popup, 4MD, EV 68.1 MPH)
|
| Top of the 5th over - 0 runs, 0 hits, 0 errors, 1 left on base; Vermont 0 - Lowell 0 |
| BOTTOM OF THE 5TH |
|
Lowell Spinners batting - Pitching for Vermont Lake Monsters : RHP Jesse Clark
|
|
Batting: RHB Mario Arriero
|
0-0: Foul Ball, location: 2F 0-1: Ball 1-1: Called Strike 1-2: Foul Ball, location: 2F 1-2: Ball 2-2: Ball 3-2: Foul Ball, location: 2F 3-2: Foul Ball, location: 2F 3-2: Foul Ball, location: 2F 3-2: Fly out, F7 (Flyball, 7LM, EV 90.0 MPH)
|
|
Batting: RHB Jose Molina
|
0-0: Called Strike 0-1: Ball 1-1: Fly out, F9 (Flyball, 89M, EV 90.0 MPH)
|
|
Batting: RHB Rogelio Cervantes
|
0-0: Ball 1-0: Ball 2-0: Ground out 4-3 (Groundball, 4, EV 102.5 MPH)
|
| Bottom of the 5th over - 0 runs, 0 hits, 0 errors, 0 left on base; Vermont 0 - Lowell 0 |
| TOP OF THE 6TH |
|
Vermont Lake Monsters batting - Pitching for Lowell Spinners : LHP Ken Berger
|
|
Batting: RHB Jon Coleman
|
0-0: Foul Ball, location: 2F 0-1: Swinging Strike 0-2: Foul Ball, location: 2F 0-2: Ball 1-2: Ball 2-2: Ball 3-2: Strikes out swinging
|
|
Batting: RHB Josh Mauer
|
0-0: Called Strike 0-1: Foul Ball, location: 2F 0-2: Strikes out swinging
|
|
Batting: RHB Chris Temple
|
0-0: Ball 1-0: Called Strike 1-1: Foul Ball, location: 2F 1-2: Strikes out looking
|
| Top of the 6th over - 0 runs, 0 hits, 0 errors, 0 left on base; Vermont 0 - Lowell 0 |
| BOTTOM OF THE 6TH |
|
Lowell Spinners batting - Pitching for Vermont Lake Monsters : RHP Jesse Clark
|
|
Batting: RHB Willie Camacho
|
0-0: Called Strike 0-1: Ball 1-1: Foul Ball, location: 2F 1-2: SINGLE (Groundball, 34D, EV 93.8 MPH)
|
|
Batting: RHB Aukukero Tairi
|
0-0: Called Strike 0-1: Ball 1-1: Ball 2-1: SINGLE (Groundball, 56, EV 95.0 MPH) Willie Camacho to second Runner from 2nd tries for 3rd, SAFE, throw by LF made to third
|
|
Batting: SHB Salvador Padilla
|
0-0: Called Strike 0-1: Ball 1-1: Foul Ball, location: 2F 1-2: DOUBLE (Line Drive, 7LM, EV 108.1 MPH) Willie Camacho scores Aukukero Tairi to third Runner from 3rd tries for Home, SAFE, no throw by LF
|
|
Batting: RHB Xavier Joslin
|
0-0: Ball 1-0: TRIPLE (Flyball, 89XD, EV 92.5 MPH) Salvador Padilla scores
|
|
Batting: RHB Guillermo Quintero
|
0-0: Ground out 5-3 (Groundball, 56S, EV 80.0 MPH)
|
|
Batting: RHB Raul Sanchez
|
0-0: Ground out 4-3 (Groundball, 4, EV 86.2 MPH)
|
|
Batting: RHB Mario Arriero
|
0-0: Called Strike 0-1: Called Strike 0-2: Foul Ball, location: 2F 0-2: Ball 1-2: Strikes out swinging
|
| Bottom of the 6th over - 3 runs, 4 hits, 0 errors, 1 left on base; Vermont 0 - Lowell 3 |
| TOP OF THE 7TH |
|
Vermont Lake Monsters batting - Pitching for Lowell Spinners : LHP Ken Berger
|
|
Batting: LHB Ed Talamantes
|
0-0: Ball 1-0: Called Strike 1-1: Foul Ball, location: 2F 1-2: Ball 2-2: Strikes out swinging
|
|
Batting: RHB Tetsuya Shinoda
|
0-0: Called Strike 0-1: Ball 1-1: SINGLE (Groundball, 6MD, EV 100.0 MPH)
|
|
Batting: RHB Chris Prinzing
|
0-0: Called Strike 0-1: Swinging Strike 0-2: Strikes out swinging
|
|
Batting: SHB Steve Salafia
|
0-0: Ball 1-0: Ball 2-0: Ball 3-0: Base on Balls Tetsuya Shinoda to second
|
|
Batting: RHB Jamie Jennings
|
0-0: Swinging Strike 0-1: Called Strike 0-2: Strikes out looking
|
| Top of the 7th over - 0 runs, 1 hit, 0 errors, 2 left on base; Vermont 0 - Lowell 3 |
| BOTTOM OF THE 7TH |
|
Lowell Spinners batting - Pitching for Vermont Lake Monsters : RHP Jesse Clark
|
|
Batting: RHB Jose Molina
|
0-0: Fly out, F9 (Flyball, 89M, EV 87.5 MPH)
|
|
Batting: RHB Rogelio Cervantes
|
0-0: Ground out 5-3 (Groundball, 56, EV 83.8 MPH)
|
|
Batting: RHB Willie Camacho
|
0-0: Ball 1-0: Ball 2-0: Ground out 4-3 (Groundball, 34, EV 80.0 MPH)
|
| Bottom of the 7th over - 0 runs, 0 hits, 0 errors, 0 left on base; Vermont 0 - Lowell 3 |
| TOP OF THE 8TH |
|
Vermont Lake Monsters batting - Pitching for Lowell Spinners : LHP Ken Berger
|
|
Pitching: RHP Nherbert Silivan
|
|
|
Batting: SHB Mike Kirk
|
0-0: Called Strike 0-1: Ball 1-1: Ground out 4-3 (Groundball, 4, EV 89.4 MPH)
|
|
Batting: RHB Jon Coleman
|
0-0: Ball 1-0: Foul Ball, location: 2F 1-1: Swinging Strike 1-2: Strikes out looking
|
|
Batting: RHB Josh Mauer
|
0-0: Called Strike 0-1: Ball 1-1: Foul Ball, location: 2F 1-2: Strikes out swinging
|
| Top of the 8th over - 0 runs, 0 hits, 0 errors, 0 left on base; Vermont 0 - Lowell 3 |
| BOTTOM OF THE 8TH |
|
Lowell Spinners batting - Pitching for Vermont Lake Monsters : RHP Jesse Clark
|
|
Batting: RHB Aukukero Tairi
|
0-0: Ball 1-0: Ball 2-0: Foul Ball, location: 2F 2-1: Ground out 5-3 (Groundball, 5L, EV 93.1 MPH)
|
|
Batting: SHB Salvador Padilla
|
0-0: Called Strike 0-1: Ball 1-1: Ball 2-1: Foul Ball, location: 2F 2-2: SINGLE (Groundball, 25, EV 65.6 MPH) (infield hit)
|
|
Pitching: RHP Eric Dighton
|
|
|
Batting: RHB Xavier Joslin
|
0-0: Called Strike 0-1: Ball 1-1: Ball 2-1: Ground out 6-3 (Groundball, 4MS, EV 65.6 MPH) Salvador Padilla to second
|
|
Batting: RHB Guillermo Quintero
|
0-0: Ball 1-0: Foul Ball, location: 2F 1-1: Foul Ball, location: 2F 1-2: Foul Ball, location: 2F 1-2: Ball 2-2: Strikes out swinging
|
| Bottom of the 8th over - 0 runs, 1 hit, 0 errors, 1 left on base; Vermont 0 - Lowell 3 |
| TOP OF THE 9TH |
|
Vermont Lake Monsters batting - Pitching for Lowell Spinners : RHP Nherbert Silivan
|
|
Batting: RHB Chris Temple
|
0-0: SINGLE (Line Drive, 9S, EV 109.4 MPH)
|
|
Batting: LHB Ed Talamantes
|
0-0: Called Strike 0-1: Fly out, F9 (Flyball, 9S, EV 97.5 MPH)
|
|
Batting: RHB Tetsuya Shinoda
|
0-0: Called Strike 0-1: Fielders Choice at 2nd, 3-6 (Groundball, 3, EV 79.4 MPH)
|
|
Pinch Hitting: LHB Igor Ciobanu
|
0-0: Called Strike 0-1: Swinging Strike Passed Ball! Tetsuya Shinoda to second 0-2: Ball 1-2: Foul Ball, location: 2F 1-2: Ball 2-2: Ball Wild Pitch! Tetsuya Shinoda to third 3-2: Base on Balls
|
|
Batting: SHB Steve Salafia
|
0-0: Swinging Strike 0-1: Ball 1-1: Swinging Strike 1-2: Ball 2-2: Foul Ball, location: 2F 2-2: Foul Ball, location: 2F 2-2: Foul Ball, location: 2F 2-2: SINGLE (Line Drive, 34D, EV 94.4 MPH) Tetsuya Shinoda scores Igor Ciobanu to second
|
|
Batting: RHB Jamie Jennings
|
0-0: Ground out 1-3 (Groundball, 15S, EV 68.1 MPH)
|
| Top of the 9th over - 1 run, 2 hits, 0 errors, 2 left on base; Vermont 1 - Lowell 3 |
|